[Event "FIDE Candidates 2024"]
[Site "Toronto"]
[Date "2024.04.04"]
[Round "1.1"]
[White "Caruana, Fabiano"]
[Black "Nakamura, Hikaru"]
[Result "1/2-1/2"]
[ECO "B56"]
[WhiteElo "2803"]
[BlackElo "2789"]
[Annotator "TA"]
[PlyCount "82"]
[EventDate "2024.04.02"]
[EventType "tourn"]
[EventCountry "CAN"]
[SourceTitle "playchess.com"]
[Source "ChessBase"]
[SourceQuality "1"]
[TimeControl "40/7200:1800+30"]

1. e4 c5 2. Nf3 d6 3. d4 cxd4 4. Nxd4 Nf6 5. Nc3 e5 6. Bb5+ Nbd7 7. Nf5 a6 8. Ba4 (8. Nxd6+ $2 Bxd6 9. Qxd6 axb5 $19) 8... b5 9. Bb3 Nc5 10. Bg5 {[%emt 0:01:40] aiming for Bd5.} Bxf5 {[%emt 0:00:06] White is slightly better.} 11. exf5 Be7 12. Bxf6 Bxf6 13. O-O e4 14. Nxe4 Nxe4 15. Re1 (15. Qd5 $5 O-O $8 (15... Ng5 $2 16. Rae1+ Kf8 17. h4 $16) 16. Qxe4 $14) 15... O-O $1 16. Rxe4 $40 {[%emt 0:00:03][%mdl 128] Black needs to defend precisely.} Bxb2 {[%emt 0:00:14] Black is weak on the light squares} 17. Rb1 Bf6 18. Qd5 Rc8 19. Qb7 Rc5 20. Qxa6 Rxf5 21. Rd1 {[%emt 0:04:45] White is more active.} d5 22. Rb4 (22. Qxb5 $2 dxe4 23. Bxf7+ Rxf7 $19) 22... Bc3 23. Rxb5 Rxf2 24. Rbxd5 ({Of course not} 24. Kxf2 $6 Qh4+ 25. Kg1 Bd4+ 26. Kh1 Be5 $11) 24... Qh4 25. Qd3 Rf6 26. g3 (26. Qxc3 $2 {is a self mate.} Qf2+ 27. Kh1 Qf1+ 28. Rxf1 Rxf1#) 26... Qb4 27. Kg2 Bb2 28. Rf5 g6 29. Rxf6 Bxf6 30. Qf3 Qe7 31. a4 Kg7 32. a5 ({White should play} 32. Bd5 $14) 32... Ra8 $11 33. Rd5 (33. Qxa8 $5 Qe2+ $8 34. Kh3 $11) 33... Ra7 34. Rb5 Qd8 35. Rd5 Qc7 ({But not} 35... Qa8 $6 36. a6 $14) 36. h4 Rxa5 37. Rxa5 Qxa5 38. Qb7 Qd8 39. Qxf7+ Kh6 40. Kh3 Qe7 41. Qc4 Qe3 {[%emt 0:00:52] Weighted Error Value: White=0.08 (flawless) /Black=0.08 (flawless) .  Mistake:       	White=1     	---        Inaccurate:     	White=2     	Black=5      OK:         	White=13    	Black=15     Best:        	White=1     	Black=1      Strong:       	---       	Black=1} 1/2-1/2

[Event "FIDE Candidates 2024"]
[Site "Toronto"]
[Date "2024.04.04"]
[Round "2.4"]
[White "Caruana, Fabiano"]
[Black "Abasov, Nijat"]
[Result "1-0"]
[ECO "B30"]
[WhiteElo "2803"]
[BlackElo "2632"]
[Annotator "TA"]
[PlyCount "73"]
[EventDate "2024.04.02"]
[EventType "tourn"]
[EventCountry "CAN"]
[SourceTitle "playchess.com"]
[Source "ChessBase"]
[SourceQuality "1"]
[TimeControl "40/7200:1800+30"]

1. e4 c5 2. Nf3 Nc6 3. Bb5 e5 4. O-O Bd6 5. d3 Nf6 6. Nc3 O-O 7. h3 a6 8. Bxc6 {[%emt 0:07:05] The position is equal.} dxc6 9. Nh4 Re8 10. Qf3 g6 11. Bg5 Be7 12. Qe3 Nh5 13. Bxe7 Qxe7 14. Nf3 b6 15. a3 b5 16. Ne2 f6 17. Nd2 Be6 18. f4 Nxf4 19. Nxf4 exf4 20. Rxf4 Rad8 21. Qf2 Rf8 22. Rf1 Kg7 23. b4 cxb4 24. axb4 Ra8 25. Kh1 a5 26. bxa5 c5 (26... Rxa5 $11 27. Nf3 c5) 27. Ra1 $14 Ra6 {[%emt 0:00:09] [#]} 28. e5 $1 f5 $11 29. c4 bxc4 30. dxc4 Rfa8 31. Nb3 g5 32. Qg3 (32. Qxc5 $2 {perishes.} Qxc5 33. Nxc5 gxf4 $19) 32... h6 33. Rf2 Bxc4 34. Rxf5 {[%emt 0:00:17] aiming for Qc3.} Bxb3 $4 (34... Qe6 $14 35. Rf3 (35. Nxc5 $2 {loses.} Qxf5 36. Nxa6 Rxa6 $19) (35. Rf6 Qd5 $14) 35... Qd5) 35. Qxb3 $18 {[%emt 0:00:05] Black must now prevent Raf1.} Rxa5 36. Raf1 {[%emt 0:00:35] White wants to mate with Rf7+.} Kh8 37. Rf7 {[%emt 0:00:36] Weighted Error Value: White=0.09 (flawless) /Black=0.37.  Loses game:     	---       	Black=1      Mistake:       	White=1     	Black=1      Inaccurate:     	White=3     	Black=3      OK:         	White=13    	Black=8      Best:        	White=1     	---} 1-0

[Event "FIDE Candidates 2024"]
[Site "Toronto"]
[Date "2024.04.07"]
[Round "4.3"]
[White "Caruana, Fabiano"]
[Black "Gukesh D"]
[Result "1/2-1/2"]
[ECO "C54"]
[WhiteElo "2803"]
[BlackElo "2743"]
[Annotator "TA"]
[PlyCount "147"]
[EventDate "2024.04.02"]
[EventType "tourn"]
[EventCountry "CAN"]
[SourceTitle "playchess.com"]
[Source "ChessBase"]
[SourceQuality "1"]
[TimeControl "40/7200:1800+30"]

1. e4 e5 2. Nf3 Nc6 3. Bc4 Bc5 4. O-O Nf6 5. d3 d6 6. c3 a6 7. a4 Ba7 8. h3 O-O 9. Nbd2 {[%emt 0:00:22][%cal Bb1d2,Bd2f1,Bf1g3,Bg3f5][%mdl 32] White has an edge.} Re8 10. b4 Be6 11. Bxe6 Rxe6 12. Qc2 Re8 13. Re1 h6 14. Nf1 d5 15. Ng3 b5 16. Nf5 {[%emt 0:26:21][%cal Oc1h6] Threatens to win with Bxh6!} dxe4 17. dxe4 Ne7 18. Nxe5 {[%emt 0:11:17] [#] And now Qa2 would win.} Nxf5 19. exf5 c5 20. Bf4 {[%emt 0:07:53] White is more active.} bxa4 21. Nc6 Qd7 22. Rxe8+ (22. Qxa4 cxb4 23. cxb4 (23. Rxe8+ Rxe8 24. Nxa7 Re1+ 25. Kh2 Rxa1 $11) 23... Bxf2+ 24. Kxf2 Qxf5 $11) (22. Nxa7 {simplifies} Rxe1+ 23. Rxe1 cxb4 24. cxb4 Rxa7 25. Rd1) 22... Rxe8 23. Nxa7 cxb4 24. cxb4 {[%emt 0:05:45] Strongly threatening Nc6.} Qd4 {[%emt 0:01:53] [#]} 25. Qc1 Qxa7 26. Rxa4 Qb7 27. Qd2 Nd5 28. Bg3 f6 29. Bd6 Qc6 30. Ra5 Qxd6 31. Rxd5 (31. Qxd5+ Qxd5 32. Rxd5 Re1+ 33. Kh2 Re4 $11) 31... Re1+ 32. Qxe1 Qxd5 $14 {[%emt 0:00:05][%mdl 4096] Endgame. KQ-KQ} 33. g4 {[%emt 0:01:27] Hoping for Qe6+.} ({Reject} 33. Qe6+ Qxe6 34. fxe6 Kf8 $11) 33... Kh7 34. Qc3 (34. Qe6 $14 Qd4 35. Qe1 (35. Qxa6 Qxb4 36. Qd3 Qc5 $11)) 34... Qe4 $11 35. Kh2 Qf4+ 36. Kg2 Kg8 (36... h5 $11) 37. f3 ({White should try} 37. Qc8+ $14 Kh7 38. Qc3 (38. Qxa6 Qe4+ 39. Kg3 Qxb4 $11)) 37... Kh7 38. Qe1 h5 39. Qe4 Qd2+ 40. Kg3 Qc1 41. Qe2 (41. gxh5 $2 {is a self mate.} Qg1+ 42. Kh4 Qg5#) 41... hxg4 42. hxg4 Qg1+ 43. Kf4 Qc1+ 44. Ke4 Qb1+ 45. Ke3 Qxb4 46. Qxa6 Qc5+ 47. Ke2 Qc2+ 48. Kf1 Qd1+ 49. Kf2 Qd4+ 50. Kg2 Qd2+ 51. Kh3 Qd1 {[%emt 0:02:28] Wards off Qf1} 52. Kg2 Qd2+ 53. Kf1 Qd1+ 54. Kf2 Qd4+ 55. Ke1 Qc3+ 56. Ke2 Qc2+ 57. Ke3 Qc1+ 58. Kf2 Qc5+ (58... Kh6 $1 $11) 59. Kg2 $14 Qc2+ 60. Kg3 Qc7+ 61. Kh3 $1 Qc1 62. Qe2 Qh1+ 63. Kg3 Qg1+ 64. Qg2 Qe1+ 65. Qf2 Qe5+ 66. f4 (66. Kg2 $14) 66... Qc3+ $11 {[%emt 0:00:10] The position is equal.} 67. Qf3 Qe1+ 68. Kg2 Qd2+ 69. Kh3 Qc1 70. Qf2 Qh1+ 71. Kg3 {[%emt 0:00:04] Qh2+ would now be deadly.} Qc1 72. Kh2 Kg8 73. Qg3 Kh7 74. Qf2 {[%emt 0:00:51] Weighted Error Value: White=0.05 (flawless) /Black=0.07 (flawless) .  Mistake:       	White=3     	Black=2      Inaccurate:     	White=2     	Black=2      OK:         	White=16    	Black=34     Best:        	White=6     	Black=8      Strong:       	White=1     	---} 1/2-1/2

[Event "FIDE Candidates 2024"]
[Site "Toronto"]
[Date "2024.04.11"]
[Round "7.3"]
[White "Caruana, Fabiano"]
[Black "Praggnanandhaa R"]
[Result "1/2-1/2"]
[ECO "C02"]
[WhiteElo "2803"]
[BlackElo "2747"]
[Annotator "TA"]
[PlyCount "82"]
[EventDate "2024.04.02"]
[EventType "tourn"]
[EventCountry "CAN"]
[SourceTitle "playchess.com"]
[Source "ChessBase"]
[SourceQuality "1"]
[TimeControl "40/7200:1800+30"]

1. e4 e6 2. d4 d5 3. e5 c5 4. c3 Nc6 5. Nf3 Qb6 6. a3 Bd7 7. b4 cxd4 8. cxd4 Rc8 9. Bb2 Nge7 10. Nc3 Na5 $1 11. Na4 (11. bxa5 $2 {loses.} Qxb2 12. Na2 Qxa3 $19) 11... Qc6 12. Nc5 Nc4 13. Bc3 b6 14. Nxd7 Qxd7 15. Bd3 g6 16. Qe2 h5 17. Bd2 Nxd2 18. Nxd2 Bh6 19. Bb5 Nc6 $1 20. Nf3 O-O 21. O-O Qe7 22. Ba6 Rc7 23. Rfd1 Nb8 24. Bd3 a5 25. bxa5 bxa5 26. Qe1 Nc6 27. Rdb1 Ra8 28. Bb5 {[%emt 0:05:15] The position is equal.} Qd8 29. g3 Ne7 30. Kg2 Qc8 31. Qd1 Rc3 32. Rb3 Qc7 33. Rab1 Rb8 34. a4 Rc2 35. R3b2 Rc3 36. Ng1 Rc1 37. Rxc1 Qxc1 38. Qxc1 Bxc1 39. Rb1 Bd2 40. Nf3 Bb4 41. Rc1 Rc8 {[%emt 0:00:46] An even fight not without its subleties.   Weighted Error Value: White=0.02 (flawless) /Black=0.02 (flawless) .  OK:         	White=15    	Black=20     Best:        	White=1     	---        Strong:       	---       	Black=2} 1/2-1/2

[Event "FIDE Candidates 2024"]
[Site "Toronto"]
[Date "2024.04.15"]
[Round "10.4"]
[White "Caruana, Fabiano"]
[Black "Firouzja, Alireza"]
[Result "1-0"]
[ECO "B90"]
[WhiteElo "2803"]
[BlackElo "2760"]
[Annotator "TA"]
[PlyCount "93"]
[EventDate "2024.04.02"]
[EventType "tourn"]
[EventCountry "CAN"]
[SourceTitle "playchess.com"]
[Source "ChessBase"]
[SourceQuality "1"]
[TimeControl "40/7200:1800+30"]

1. e4 c5 2. Nf3 d6 3. d4 cxd4 4. Nxd4 Nf6 5. Nc3 a6 6. Rg1 h5 {[%emt 0:12:47] B90: Sicilian Najdorf: Unusual White 6th moves, 6 Be3 Ng4 and 6 Be3 e5.} 7. Bc4 $146 ({Predecessor:} 7. Bg5 Nbd7 8. Bc4 g6 9. Qd2 Bg7 10. O-O-O Qc7 11. Bb3 b5 12. Rge1 O-O 13. f4 Nc5 14. Bxf6 exf6 {1-0 Carlsen,M (2835)-Firouzja,A (2777) Julius Baer Rapid Div 1 W 2023 (3.1)}) 7... g6 8. Bg5 Bg7 9. Qd2 Qa5 10. O-O-O Nc6 11. Nb3 Qxg5 12. Qxg5 Bh6 13. h4 (13. Bxf7+ Kxf7 $17) 13... Be6 {[%emt 0:15:37] [#]} (13... Bxg5+ $11 14. hxg5 Ng4) 14. Be2 (14. Bxe6 $1 $16 fxe6 15. e5 dxe5 (15... Nxe5 $2 16. f4 $18) 16. Qxh6 (16. Rd8+ $2 Rxd8 $19) 16... Rxh6 17. Nc5) 14... Kf8 (14... Bxg5+ {simplifies} 15. hxg5 Nd7 16. f4 Bxb3 17. axb3 O-O-O) 15. Nd4 Nxd4 16. Rxd4 Rc8 (16... Bxg5+ {simplifies} 17. hxg5 Ne8 18. f4 Bd7) 17. f4 Bxg5 18. hxg5 Ng4 19. Rf1 Bd7 20. Kd2 Bc6 21. Nd5 f5 22. gxf6 (22. exf5 {is interesting.} gxf5 23. Bd3 e5 24. fxe5 dxe5 25. Bxf5 exd4 26. Bxg4+ Kg7 27. Bxc8 Bxd5 28. Bh3) 22... Nxf6 23. c4 Kg7 24. Nxe7 Nxe4+ 25. Kd1 $1 Ng3 26. Re1 (26. Nxc8 {simplifies} Nxf1 27. Bxf1 Rxc8 28. b4) 26... Nf5 27. Nxf5+ (27. Nxc8 $2 Nxd4 28. Nxd6 Bxg2 $19) 27... gxf5 28. Bd3 (28. Rxd6 h4 $11) 28... Rcf8 29. Rxd6 Rf6 $1 30. c5 h4 (30... Rxd6 $1 $11 {remains equal.} 31. cxd6 Rd8) 31. Re7+ $16 Kg6 32. Re5 Rh5 (32... Rxd6 $16 {might work better.} 33. cxd6 Kf6) 33. Bf1 ({White should play} 33. Rd8 $18 {Rg8+ would now be deadly.} Rf7 34. Ke2) 33... Rxd6+ $14 34. cxd6 Rh8 35. Re6+ Kf7 36. Bc4 Rd8 37. Ke1 Kg7 38. Kf2 a5 39. a3 b5 40. Bd3 Bd5 {[%emt 0:00:00] [#]} (40... Bd7 $16 41. Re5 b4 42. axb4 (42. Bxf5 Bxf5 43. Rxf5 Rxd6 $16) (42. Rxa5 bxa3 43. bxa3 Kf6 $18) 42... axb4 43. Re7+ (43. Bxf5 Bxf5 44. Rxf5 Rxd6 $16) 43... Kg6) 41. Re7+ $1 $18 Bf7 (41... Kf6 $142 42. Bxb5 Rxd6) 42. Bxb5 $18 ({Weaker is} 42. Bxf5 Rxd6 43. Rb7 Kf6 $16) 42... Kf6 43. Rc7 (43. Bd7 Rb8 44. Re5 Rxb2+ 45. Ke3 Rb6 46. Rxf5+ (46. Rxa5 Rxd6 47. Bxf5 Bd5 $18) 46... Kg7 47. Rxa5 Rxd6 $16) 43... Rxd6 {[%emt 0:00:41] [#]} 44. Rc6 $1 Rxc6 45. Bxc6 Bb3 46. Bd7 Kg6 47. Kg1 1-0

[Event "FIDE Candidates 2024"]
[Site "Toronto"]
[Date "2024.04.18"]
[Round "12.4"]
[White "Caruana, Fabiano"]
[Black "Vidit, Santosh Gujrathi"]
[Result "1-0"]
[ECO "C54"]
[WhiteElo "2803"]
[BlackElo "2727"]
[Annotator "TA"]
[PlyCount "103"]
[EventDate "2024.04.02"]
[EventType "tourn"]
[EventCountry "CAN"]
[SourceTitle "playchess.com"]
[Source "ChessBase"]
[SourceQuality "1"]
[TimeControl "40/7200:1800+30"]

1. e4 e5 2. Nf3 Nc6 3. Bc4 Bc5 4. O-O Nf6 5. d3 d6 6. c3 a6 7. a4 Ba7 8. Nbd2 O-O 9. h3 Ne7 10. Re1 Ng6 {[%emt 0:00:36] C54: Giuoco Piano: 4 c3 Nf6, main lines with 5 d4 and 5 d3.} 11. a5 $5 {[%emt 0:04:30][%mdl 4] A promising side line.} c6 12. Bb3 Re8 13. d4 d5 $146 ({Predecessor:} 13... h6 14. Bc2 Nh5 15. Nxe5 dxe5 16. Qxh5 exd4 17. Nf3 c5 18. cxd4 cxd4 19. Bd3 Be6 {0-1 Nozdrachev,V (2486)-Gareyev,T (2569) Wch Rapid St Petersburg 2018 (15)}) 14. dxe5 Nxe5 15. Nxe5 Rxe5 16. exd5 Rxe1+ 17. Qxe1 Nxd5 18. Bc2 Be6 19. Nf3 Qd7 20. c4 Ne7 (20... Nf6 $5) 21. Be3 Bxe3 22. Qxe3 Rd8 (22... Bxc4 $2 23. Ne5 Qe6 24. Qe4 $18) 23. Qc5 h6 24. b3 Qc7 25. Re1 Kf8 26. Re3 Ke8 27. Qh5 Kf8 28. Qc5 Ke8 $1 29. g4 Qf4 30. Kg2 Rd7 31. Re4 Qd6 32. Qe3 c5 33. Re5 Nc6 34. Rd5 Qc7 35. Rxc5 Re7 36. Qc3 Qd6 37. Rh5 (37. b4 $16 Kf8 38. g5) 37... f6 $1 $14 38. Bg6+ Kd8 39. Qe3 Kc8 40. Qb6 Kb8 (40... Qf4 $14 41. Bf5 Bxf5 42. Rxf5 Qc7) 41. Rc5 $1 $16 Bd7 {[%emt 0:09:09] [#]} (41... Bc8 $16 42. Rd5 Qc7) 42. b4 $1 $18 Qf4 $2 (42... Qc7 {was worth a try.}) 43. Bf5 $2 (43. b5 $18 axb5 44. cxb5 Bxg4 45. Ng1 (45. hxg4 Qxg4+ 46. Kh2 Qxf3 $11)) 43... Bxf5 $16 44. Rxf5 Qc7 45. Qc5 Re4 {[%emt 0:01:14] [#]} ({Black should play} 45... Re8 46. b5 Nxa5) 46. Qd5 $1 $16 ({Reject} 46. Qf8+ $6 Ka7 $11) 46... Re2 47. b5 Nxa5 (47... axb5 $142 48. Qd3 (48. cxb5 Nxa5 49. Qd4 b6 $16) (48. Qxb5 Ra2 $11) 48... Re8) 48. Nd4 Rb2 49. bxa6 Nc6 $2 (49... Nxc4 50. Qg8+ Ka7 51. Nb5+ Rxb5 52. Rxb5 Qc6+ 53. Qd5 Qxd5+ 54. Rxd5 Kxa6) 50. Qg8+ Nd8 51. Rd5 Ka7 52. Rxd8 1-0